 Dungeon Crawl Stone Soup version 0.20.0-15-g7f486f2 (webtiles) character file.

569 vishdafish the Chopper (level 7, -1/55 HPs)
             Began as a Formicid Fighter on June 29, 2017.
             Slain by a hungry ghost (3 damage)
             ... on level 7 of the Dungeon.
             The game lasted 00:08:57 (4328 turns).

vishdafish the Chopper (Formicid Fighter)           Turns: 4328, Time: 00:08:59

Health: -1/55      AC:  6    Str: 21    XL:     7   Next: 60%
Magic:  7/7        EV:  9    Int:  8    God:
Gold:   227        SH: 10    Dex: 11    Spells: 6/6 levels left

rFire    . . .     SeeInvis +   a - +0 war axe
rCold    . . .     Gourm    .   c - +0 shield
rNeg     . . .     Faith    .   h - -1 scale mail (curse)
rPois    .         Spirit   .   (helmet unavailable)
rElec    .         Reflect  .   (no cloak)
rCorr    .         Harm     .   (no gloves)
MR       .....                  (no boots)
Stlth    ..........             (no amulet)
Regen    0.2/turn               (no ring)
MPRegen  0.1/turn               (no ring)

@: no status effects
A: permanent stasis, dig shafts and tunnels, four strong arms, antennae 3
a: Dig, Shaft Self


You were on level 7 of the Dungeon.
You were hungry.

You visited 1 branch of the dungeon, and saw 7 of its levels.

You collected 377 gold pieces.
You spent 150 gold pieces at shops.

Inventory:

Hand Weapons
 a - a +0 war axe (weapon)
Missiles
 r - 41 bolts
Armour
 b - a +0 scale mail
 c - a +0 shield (worn)
 h - a cursed -1 scale mail (worn)
Jewellery
 A - a +2 ring of strength {unknown}
Wands
 y - a wand of acid (7/15)
 B - a wand of scattershot (2/9)
 C - a wand of polymorph (12/24)
Scrolls
 e - 3 scrolls of teleportation
 g - 3 scrolls of fear
 i - 2 scrolls of magic mapping
 l - a scroll of noise
 p - 3 scrolls of enchant weapon
 q - a scroll of fog {unknown}
 s - 2 scrolls of remove curse {unknown}
 u - 3 scrolls of immolation
 x - a scroll of recharging
Potions
 d - a potion of invisibility
 j - a potion of haste {unknown}
 k - 3 potions of agility
 m - a potion of mutation {unknown}
 o - 2 potions of curing {unknown}
 t - a potion of brilliance {unknown}
 v - a potion of resistance {unknown}
 z - a potion of heal wounds {unknown}
Comestibles
 f - 6 bread rations
 n - a meat ration
 w - 4 fruits


   Skills:
 + Level 4.4 Fighting
 * Level 5.1 Axes
 + Level 4.9 Armour
 + Level 2.1 Dodging
 * Level 5.0 Shields


You had 6 spell levels left.
You didn't know any spells.

Dungeon Overview and Level Annotations

Branches:
Dungeon (6/15)
 Temple: D:4-7

Altars:
Sif Muna
The Shining One

Shops:
D:4 *   D:5 (*[=


Innate Abilities, Weirdness & Mutations

You cannot be hasted, slowed, berserked, paralysed or teleported.
You can dig through walls and to a lower floor.
Your four strong arms can wield two-handed weapons with a shield.
You have a pair of large antennae on your head. (SInv)


Message History

You miss the hungry ghost.
The hungry ghost is moderately damaged.
You block the hungry ghost's attack. The hungry ghost hits you.
You feel a lot more hungry.
You barely miss the hungry ghost.
The hungry ghost is moderately damaged.
The hungry ghost hits you.
You feel a lot more hungry.
You hit the hungry ghost but do no damage.
The hungry ghost is moderately damaged.
You block the hungry ghost's attack.
You slash the hungry ghost!
The hungry ghost is heavily damaged.
You block the hungry ghost's attack.
You hit the hungry ghost.
The hungry ghost is severely damaged.
The hungry ghost hits you.
* * * LOW HITPOINT WARNING * * *
You are feeling hungry.
The hungry ghost hits you.
You die...

.#####...# #
#........ .##
#.......##..
#.........#
#.........+
#.........#
#.......##
#....@W..#
............#
.............#
.............#
.............#
...............
................
................


You could see a hungry ghost.

Vanquished Creatures
  An ogre (D:4)
  A sky beast (D:5)
  A hound (D:6)
  An orc priest (D:3)
  Ijyb (D:5)
  An orc wizard (D:4)
  Natasha (thrice) (D:4)
  A hound skeleton (D:4)
  3 gnolls (D:5)
  4 adders
  A shadow imp (D:5)
  3 oozes
  An adder zombie (D:5)
  3 worms
  3 dart slugs (D:1)
  2 leopard geckos
  5 orcs
  2 ball pythons (D:2)
  8 giant cockroaches
  9 goblins
  6 hobgoblins
  9 jackals
  8 kobolds
  A quokka (D:4)
  8 bats
  6 frilled lizards
  A leopard gecko zombie (D:5)
  7 rats
100 creatures vanquished.

Notes
Turn   | Place    | Note
-------+----------+-------------------------------------------
     0 | D:1      | vishdafish the Formicid Fighter began the quest for the Orb.
     0 | D:1      | Reached XP level 1. HP: 18/18 MP: 1/1
     1 | D:1      | Found a runed door.
    26 | D:2      | Reached XP level 2. HP: 12/24 MP: 2/2
   385 | D:1      | Reached XP level 3. HP: 29/29 MP: 3/3
   685 | D:1      | Reached XP level 4. HP: 30/37 MP: 4/4
  1624 | D:2      | Reached XP level 5. HP: 41/42 MP: 5/5
  2081 | D:3      | Found a deep blue altar of Sif Muna.
  2168 | D:3      | Found a glowing golden altar of the Shining One.
  2354 | D:3      | Reached skill level 1 in Dodging
  2672 | D:4      | Found Heitoec's Assorted Antiques.
  2672 | D:4      | Noticed Natasha
  2683 | D:4      | Killed Natasha
  2693 | D:4      | Bought a scroll labeled WAICSE GYOKEM for 30 gold pieces
  2693 | D:4      | Bought a scroll labeled JYR REMAKHIMN for 30 gold pieces
  2693 | D:4      | Bought a scroll labeled DIUTHR OZUT ECK for 30 gold pieces
  2693 | D:4      | Bought a scroll labeled OKLURA CYOGH for 30 gold pieces
  2693 | D:4      | Bought a scroll labeled WAICSE GYOKEM for 30 gold pieces
  2720 | D:4      | Reached XP level 6. HP: 20/48 MP: 6/6
  2965 | D:4      | Noticed Natasha
  2973 | D:4      | Killed Natasha
  2999 | D:4      | Noticed an ogre
  3005 | D:4      | Killed an ogre
  3081 | D:4      | Noticed Natasha
  3088 | D:4      | Killed Natasha
  3474 | D:4      | Reached XP level 7. HP: 52/54 MP: 7/7
  3520 | D:5      | Entered Level 5 of the Dungeon
  3520 | D:5      | Found Bosene Noyd's Antique Armour Shop.
  3540 | D:5      | Found Ruxoetaf's Assorted Antiques.
  3621 | D:5      | Reached skill level 5 in Axes
  3924 | D:5      | Found Qioshrede's Jewellery Boutique.
  4011 | D:5      | Found Hegesol's Antique Weapon Emporium.
  4022 | D:5      | Noticed Ijyb
  4061 | D:6      | Reached skill level 5 in Shields
  4214 | D:5      | Killed Ijyb
  4310 | D:5      | You fall through a shaft for 2 floors!
  4310 | D:7      | Noticed a hungry ghost
  4328 | D:7      | HP: 2/55 [hungry ghost (3)]
  4328 | D:7      | Slain by a hungry ghost

Skill      XL: |  1  2  3  4  5  6  7 |
---------------+----------------------+-----
Shields        | 4 5 |  5.0
Armour         | 4 |  4.9
Axes           | 3 4 5 |  5.1
Fighting       | 4 |  4.4
Dodging        | 1 2 |  2.1

Action                   |  1- 3 |  4- 6 |  7- 9 || total
-------------------------+-------+-------+-------++-------
Melee: War axe           |    63 |   199 |    75 ||   337
       Unarmed           |       |       |    11 ||    11
 Abil: Shaft Self        |       |       |     1 ||     1
  Use: Scroll            |       |     5 |     2 ||     7
       Potion            |       |     1 |       ||     1
  Eat: Meat ration       |       |     1 |     1 ||     2
       Royal jelly       |       |     1 |       ||     1
       Chunk             |       |     2 |     3 ||     5
Armor: Scale mail        |    49 |    83 |    21 ||   153
       Skin              |       |       |     2 ||     2
Dodge: Dodged            |    32 |    82 |    41 ||   155
Block: Shield            |    46 |   126 |    49 ||   221
